AoeStats
← Irving Legend

Arabia

503849134Analyzed
2v2 RM · 1mo ago on Sep 2, 2026· 18m 54s· 4 players
Game mode
Random Map
Map size
Medium (4 player)
Population
200
Speed
Normal
Resources
Standard
Victory
Conquest
Starting age
Dark Age
Ending age
Imperial Age
RankedLock teamsTeams togetherTeam positionsShared explorationLock speedFull tech treeHidden civsTurbo modeCheats
Victory
Defeat
🇹🇼 Magyars · Taiwan
1164
+15
🇹🇼 Britons · Taiwan
1142
+16
🇨🇴 Persians · Colombia
1143
-16
🇨🇦 Ethiopians · Canada
1125
-15
Thousk_
6:23 Loom
9:20 Feudal Age
10:35 Double-Bit Axe
Irving Legend
7:26 Loom
9:58 Feudal Age
11:14 Double-Bit Axe
13:56 Town Watch
15:59 Fletching
18:11 Padded Archer Armor
Yang*N
6:35 Loom
9:10 Feudal Age
14:35 Fletching
oscar981010
5:42 Loom
8:47 Feudal Age
9:29 Double-Bit Axe
16:01 Horse Collar
19:04 Bloodlines
Connection lost

Rejoining the realm…

Still unreachable

The connection could not be restored.

Session expired

The server has moved on; the page needs a fresh start.